 Dungeon Crawl Stone Soup version 0.30.0-5-g1a98f26d00 (webtiles) character file.

Game seed: 13767434322109553527

1936 Peloso the Carver (level 8, -1/71 HPs)
             Began as a Minotaur Fighter on May 8, 2023.
             Was an Initiate of Okawaru.
             Slain by a kobold
             ... wielding a +0 club
              (2 damage)
             ... in a sewer.
             The game lasted 00:14:55 (5452 turns).

Peloso the Carver (Minotaur Fighter)                Turns: 5452, Time: 00:14:56

Health: -1/71      AC: 10    Str: 21    XL:     8   Next: 97%
Magic:  7/7        EV:  9    Int:  5    God:    Okawaru [......]
Gold:   167        SH:  5    Dex: 12    Spells: 7/7 levels left

rFire   + + .        a - +0 long sword
rCold   + . .        d - +0 buckler
rNeg    . . .        t - +0 chain mail
rPois   .            (helmet restricted)
rElec   .            p - scarf {rC+ rF+}
rCorr   .            (no gloves)
SInv    .            (no boots)
Will    .....        (no amulet) Stlth
                     r - ring of protection from fire
HPRegen 0.31/turn    (no ring)
MPRegen 0.10/turn

%: no passive effects
@: lethally poisoned (-1 -> -5), slowed, very slow
A: horns 2, retaliatory headbutt
a: Renounce Religion


You were in a sewer.
You worshipped Okawaru.
Okawaru was noncommittal.
You visited 2 branches of the dungeon, and saw 7 of its levels.
You also visited: Sewer.

You collected 167 gold pieces.

Inventory:

Hand Weapons
 a - a +0 long sword (weapon)
 b - a +1 dagger of electrocution
Armour
 c - +0 steam dragon scales
 d - a +0 buckler (worn)
 p - a scarf of resistance (worn)
 t - a +0 chain mail (worn)
Jewellery
 r - a ring of protection from fire (left hand)
Wands
 f - a wand of iceblast (12)
Scrolls
 e - a scroll of noise {unknown}
 i - a scroll of magic mapping
 j - 4 scrolls of identify
 k - a scroll of acquirement
 l - a scroll of amnesia {unknown}
 m - a scroll of blinking {unknown}
 n - a scroll of poison {unknown}
 s - 2 scrolls of teleportation {unknown}
 u - a scroll of fog {unknown}
 v - a scroll of enchant weapon {unknown}
 w - 2 scrolls of fear {unknown}
Potions
 g - 4 potions of mutation
 h - 2 potions of lignification {unknown}
 q - a potion of magic {unknown}
 x - a potion of curing {unknown}
 z - a potion of berserk rage {unknown}


   Skills:
 + Level 6.6 Fighting
 + Level 9.9 Long Blades
 + Level 7.8 Armour
 + Level 2.2 Dodging
 + Level 0.3 Stealth
 + Level 5.2 Shields
 + Level 0.6 Invocations


You had 7 spell levels left.
You didn't know any spells.
Your spell library contained the following spells:

 Spells                   Type           Power      Damage    Failure   Level
 Sandblast                Erth           0%         2d4       98%         1
 Passwall                 Tmut/Erth      0%         N/A       99%         2
 Ozocubu's Armour         Ice            0%         N/A       100%        3
 Stone Arrow              Conj/Erth      0%         3d7       100%        3
 Metabolic Englaciation   Hex/Ice        0%         N/A       100%        5
 Simulacrum               Ice/Necr       Unusable   N/A       N/A         6

Dungeon Overview and Level Annotations

Branches:
Dungeon (6/15)             Temple (1/1) D:4           Sewer (1/1)

Altars:
Ashenzari
Cheibriados
Dithmenos
Fedhas
Hepliaklqana
Kikubaaqudgha
Makhleb
Okawaru
Qazlal
Ru
Trog
Uskayaw
Wu Jian
Yredelemnul

Shops:
D:1 :   D:2 [

Annotations:
D:2 1 runed translucent door, Crazy Yiuf


Innate Abilities, Weirdness & Mutations

You have a pair of horns on your head.
You reflexively headbutt those who attack you in melee.


Message History

The kobold brigand splashes around in the water.
The kobold hits you with a +0 club. The kobold hits you but does no damage.
The kobold closely misses you. You furiously retaliate!
You headbutt the kobold. You block the kobold's attack.
The kobold brigand splashes around in the water.
You hit the kobold brigand.
The kobold brigand is lightly wounded.
You feel sick. The kobold closely misses you. You furiously retaliate!
You headbutt the kobold!
You kill the kobold!
Okawaru accepts your kill.
You hear a splash.
The kobold hits you but does no damage. The kobold brigand barely misses you.
The kobold hits you with a +0 club.
* * * LOW HITPOINT WARNING * * *
You hit the kobold brigand.
The kobold brigand is moderately wounded.
You feel sick. The kobold hits you but does no damage.
The kobold brigand hits you with a +0 short sword.
* * * LOW HITPOINT WARNING * * *
The kobold closely misses you. The kobold hits you but does no damage.
Unknown command.
You feel sick.
The kobold brigand hits you with a +0 short sword.
* * * LOW HITPOINT WARNING * * *
The kobold hits you but does no damage.
The kobold brigand splashes around in the water.
You enter the shallow water.
Moving in this stuff is going to be slow.
You feel sick.
You are no longer poisoned.
The kobold brigand shouts!
The kobold brigand throws a curare-tipped dart.
The curare-tipped dart hits you.
You are poisoned.
You have difficulty breathing.
* * * LOW HITPOINT WARNING * * *
You feel as though you will be slow longer.
The kobold hits you with a +0 club.
You die...

### ## ############ #∩#
##. #..~~...~..###.###
....#..~~~~~...~.....#####
...#~~≈≈≈~~~~~~~~~~~~~≈≈≈
....K≈≈≈≈≈≈≈≈≈≈≈≈≈≈≈≈≈≈≈
#~~≈≈≈~~~~~~~≈~~~~≈≈≈≈
#~))K~~~.~.......#####
#..KK@~~.~.#######
#########~## #~# #~# #~#
#~# #~# #~# #~#


You could see 2 kobold brigands and 2 kobolds.

Vanquished Creatures
  Grinder (D:3)
  A steam dragon (D:4)
  Duvessa (D:5)
  A black bear (D:6)
  An ogre (D:4)
  A bullfrog (D:6)
  3 gnoll sergeants
  3 scorpions
  Dowan (D:5)
  2 howler monkeys (D:4)
  2 hounds (D:6)
  A jelly (D:6)
  2 orc priests
  A sleepcap (D:6)
  3 iguanas
  5 orc wizards (D:4)
  Natasha (thrice) (D:2)
  Robin (D:3)
  10 gnolls
  8 adders
  2 river rats (Sewer)
  A shadow imp (D:5)
  A white imp (D:6)
  2 worms
  A dart slug (D:2)
  13 orcs
  11 ball pythons
  5 bats
  8 endoplasms
  3 giant cockroaches
  21 goblins
  13 hobgoblins
  5 kobolds
  2 quokkas
  7 frilled lizards
  7 rats
153 creatures vanquished.

Notes
Turn   | Place    | Note
-------+----------+-------------------------------------------
     0 | D:1      | Peloso the Minotaur Fighter began the quest for the Orb.
     0 | D:1      | Reached XP level 1. HP: 19/19 MP: 0/0
   173 | D:1      | Reached XP level 2. HP: 27/27 MP: 1/1
   334 | D:1      | Noticed a walking divine tome
   337 | D:1      | Found Bikiqu's Book Boutique.
   343 | D:1      | Noticed a walking divine tome
   351 | D:1      | Reached XP level 3. HP: 30/33 MP: 2/2
   722 | D:1      | Reached skill level 3 in Long Blades
   898 | D:2      | Noticed Natasha
   908 | D:2      | Killed Natasha
   997 | D:2      | Found Plog's Antique Armour Shop.
  1055 | D:2      | Reached XP level 4. HP: 40/40 MP: 3/3
  1226 | D:2      | Found a runed translucent door.
  1227 | D:2      | Noticed Crazy Yiuf
  1289 | D:2      | Noticed Natasha
  1293 | D:2      | Killed Natasha
  1457 | D:2      | Noticed Natasha
  1469 | D:2      | Killed Natasha
  1470 | D:2      | Reached skill level 4 in Long Blades
  1908 | D:3      | Noticed Grinder
  2035 | D:3      | Noticed Robin
  2044 | D:3      | Reached XP level 5. HP: 41/47 MP: 4/4
  2093 | D:3      | Killed Robin
  2108 | D:3      | Reached skill level 5 in Armour
  2254 | D:4      | Reached skill level 5 in Long Blades
  2274 | D:4      | Reached XP level 6. HP: 20/53 MP: 5/5
  2403 | D:4      | Identified a scroll of acquirement
  2470 | D:4      | Noticed a steam dragon
  2479 | D:4      | Killed a steam dragon
  2480 | D:4      | Reached skill level 6 in Long Blades
  2480 | D:4      | Reached skill level 1 in Dodging
  2588 | D:4      | Found a staircase to the Ecumenical Temple.
  2597 | Temple   | Entered the Ecumenical Temple
  2606 | Temple   | Became a worshipper of Warmaster Okawaru
  2640 | D:4      | Reached skill level 5 in Fighting
  2640 | D:4      | Reached XP level 7. HP: 61/61 MP: 6/6
  2713 | D:4      | Reached skill level 7 in Long Blades
  3414 | D:3      | Paralysed by Grinder for 2 turns
  3416 | D:3      | Killed Grinder
  3627 | D:5      | Entered Level 5 of the Dungeon
  3635 | D:4      | Reached * piety under Okawaru
  3636 | D:4      | Reached skill level 8 in Long Blades
  3767 | D:5      | Found a hide-covered altar of Uskayaw.
  3767 | D:5      | Noticed a +0 dagger
  3768 | D:5      | Noticed a +0 falchion
  3769 | D:5      | Noticed a +0 dagger
  3770 | D:5      | Noticed a +0 spear
  3770 | D:5      | Noticed a +0 short sword
  3771 | D:5      | Noticed a +0 short sword
  3771 | D:5      | Noticed a +0 spear
  3771 | D:5      | Noticed a +0 falchion
  3798 | D:5      | Reached XP level 8. HP: 69/70 MP: 7/7
  3821 | D:5      | Found an ornate altar of the Wu Jian Council.
  4118 | D:5      | Noticed Duvessa
  4118 | D:5      | Noticed Dowan
  4126 | D:5      | Killed Dowan
  4137 | D:5      | Killed Duvessa
  4382 | D:5      | Found a shadowy altar of Dithmenos.
  4465 | D:5      | Found a snail-covered altar of Cheibriados.
  4970 | D:6      | Reached skill level 9 in Long Blades
  4992 | D:6      | HP: 2/70 [gnoll sergeant/+2 trident of protection (12)]
  5016 | D:6      | Reached skill level 5 in Shields
  5202 | D:6      | Found a glowing drain.
  5307 | Sewer    | Entered a sewer
  5452 | Sewer    | HP: 1/71 [asphyx]
  5452 | Sewer    | Slain by a kobold

Illustrated notes

Levels and vault maps discovered:
D:1:      dpeg_arrival_renting, layout_basic, serial_shops,
          nicolae_shop_mannequins, serial_forest, infiniplex_forest_clump_small,
          infiniplex_forest_lined_1, infiniplex_forest_zigzag_1,
          infiniplex_forest_clump_cross, infiniplex_forest_clump_long,
          infiniplex_forest_straight_2, infiniplex_forest_lined_3_way
D:2:      layout_loops_ring, serial_shops, nicolae_shop_peninsula, uniq_natasha,
          uniq_crazy_yiuf_cottage
D:3:      kennysheep_big_flooded_room, layout_rooms, serial_bayou_pond_a,
          uniq_robin, uniq_grinder
D:4:      layout_loops_ring, minmay_temple_entry_mist
D:5:      layout_basic, chei_slow_surprise, nicolae_wu_jian_wuxing_cycle,
          kennysheep_little_box, nicolae_uskayaw_en_pointe,
          chequers_serial_rivers_small_b, uniq_duvessa
D:6:      layout_cave_pools, gup_sewer_entry_bowl, minmay_misc_feat_columns,
          nicolae_grassy_gnolls
Temple:   nicolae_temple_two_arcs
Sewer:    sewer_kobolds

Skill      XL: |  1  2  3  4  5  6  7  8 |
---------------+-------------------------+-----
Armour         | 4 5 6 7 |  7.8
Fighting       | 4 5 6 |  6.6
Long Blades    | 3 4 5 6 8 9 |  9.9
Shields        | 4 5 |  5.2
Dodging        | 1 2 |  2.2
Stealth        | |  0.3
Invocations    | |  0.6

Action                     |  1- 3 |  4- 6 |  7- 9 || total
---------------------------+-------+-------+-------++-------
  Melee: Long sword        |    96 |   141 |   246 ||   483
         Headbutt          |    21 |    18 |    46 ||    85
 Invoke: Heroism           |       |       |     8 ||     8
    Use: Scroll            |       |     6 |     1 ||     7
         Potion            |       |     1 |     4 ||     5
 Armour: Scale mail        |    43 |    11 |       ||    54
         Chain mail        |       |    62 |   139 ||   201
  Dodge: Dodged            |    43 |    59 |   116 ||   218
  Block: Buckler           |    17 |    40 |    71 ||   128
